 Dungeon Crawl Stone Soup version 0.28.0-53-g5a82cb258f (webtiles) character file.

Game seed: 4153769312138476094

73 Stomo the Skirmisher (level 4, 40/40 HPs)
             Began as a Draconian Monk on July 5, 2022.
             Was an Initiate of Gozag.
             Quit the game on level 1 of the Dungeon.
             The game lasted 00:01:53 (1483 turns).

Stomo the Skirmisher (Draconian Monk)               Turns: 1483, Time: 00:01:54

Health: 40/40      AC:  5    Str: 15    XL:     4   Next: 8%
Magic:  4/4        EV: 13    Int: 11    God:    Gozag
Gold:   79         SH:  0    Dex: 13    Spells: 3/3 levels left

rFire   . . .      SeeInvis .   a - +0 mace
rCold   . . .      Faith    .   (no shield)
rNeg    . . .      Spirit   .   (armour unavailable)
rPois   .          Reflect  .   (helmet restricted)
rElec   .          Harm     .   (no cloak)
rCorr   .          Rampage  .   (no gloves)
Will    .....                   (no boots)
Stlth   ++........              (no amulet)
HPRegen 0.13/turn               (no ring)
MPRegen 0.09/turn               (no ring)

@: no status effects
A: AC +5, unfitting armour, cold-blooded
a: Renounce Religion, Potion Petition, Call Merchant, Bribe Branch


You were on level 1 of the Dungeon.
You worshipped Gozag.
Gozag was noncommittal.
You visited 1 branch of the dungeon, and saw 2 of its levels.

You collected 79 gold pieces.

Inventory:

Hand Weapons
 a - a +0 mace (weapon)
Scrolls
 d - 2 scrolls of identify {unknown}
Potions
 b - 2 potions of curing


   Skills:
 + Level 4.1 Fighting
 + Level 3.7 Maces & Flails
 + Level 3.3 Dodging
 - Level 1.7 Stealth


You had 3 spell levels left.
You didn't know any spells.
Your spell library was empty.

Dungeon Overview and Level Annotations

Branches:
Dungeon (2/15)

Altars:
Gozag


Innate Abilities, Weirdness & Mutations

Your plain brown scales are hard. (AC +5)
You cannot fit into any form of body armour.
You are cold-blooded and may be slowed by cold attacks.


Message History

No target in view!
No target in view!
You now have 55 gold pieces (gained 6).
b - a potion of curing
Found an escape hatch in the floor.
A giant cockroach comes into view.
A giant cockroach is nearby!
An endoplasm comes into view.
The helpless endoplasm fails to defend itself.
You hit the endoplasm.
The endoplasm is lightly wounded.
The endoplasm closely misses you.
You sock the endoplasm!
You kill the endoplasm!
The helpless giant cockroach fails to defend itself.
You thump the giant cockroach!
You kill the giant cockroach!
No target in view!
You now have 63 gold pieces (gained 8).
You now have 71 gold pieces (gained 8).
A rat is nearby!
A rat is nearby!
You hit the rat.
You kill the rat!
No target in view!
No target in view!
No target in view!
No target in view!
You now have 79 gold pieces (gained 8).
There is an escape hatch in the floor here.
b - 2 potions of curing (gained 1)
You see here a +0 ring mail.
You see here a +0 leather armour.
Key pressed, stopping explore.
Done exploring.
Done exploring.
Done exploring.
Search for what [? for help]?
Okay, then.
Are you sure you want to abandon this character and quit the game? (Confirm with "yes".)

######## ######
#......# #....#
#......# #....#
#......#####....#
#...............#
#.....@.........#######
#......................
#.............#.###.#..
#......................
###..)........#.###.#..
#.#...#>....#.#$#.#..
#.#..###.#..#.###.#..
#.#.###..#...........
#.#.###.##..#.###.#..


There were no monsters in sight!

Vanquished Creatures
  3 adders (D:2)
  A dart slug (D:1)
  6 ball pythons
  4 bats
  5 endoplasms (D:1)
  3 giant cockroaches
  A goblin (D:1)
  4 hobgoblins
  3 jackals (D:1)
  A kobold (D:2)
  3 frilled lizards
  6 rats (D:1)
40 creatures vanquished.

Notes
Turn   | Place    | Note
-------+----------+-------------------------------------------
     0 | D:1      | Stomo the Draconian Monk began the quest for the Orb.
     0 | D:1      | Reached XP level 1. HP: 19/19 MP: 1/1
   112 | D:1      | Reached XP level 2. HP: 20/26 MP: 2/2
   545 | D:1      | You fall into a shaft and drop 1 floor!
   573 | D:2      | Reached XP level 3. HP: 17/33 MP: 3/3
   792 | D:2      | Reached skill level 4 in Fighting
  1006 | D:1      | Found a faded altar of an unknown god.
  1038 | D:1      | Prayed at the altar of an unknown god.
  1038 | D:1      | Became a worshipper of Gozag Ym Sagoz the Greedy
  1090 | D:1      | Reached XP level 4. HP: 22/40 MP: 4/4
  1483 | D:1      | Quit the game

Illustrated notes

Levels and vault maps discovered:
D:1:      evilmike_arrival_fibonacci_small, layout_rooms,
          nicolae_ecumenical_snake_handling, chequers_serial_rivers_large_b,
          minmay_surrounded
D:2:      layout_loops_ring, basic_altar, grunt_ministairs_10,
          minmay_misc_feat_alley

Skill      XL: |  1  2  3 |
---------------+----------+-----
Dodging        | 3 |  3.3
Fighting       | 4 |  4.1
Maces & Flails | |  3.7
Stealth        | |  1.7

Action                   |  1- 3 |  4- 6 || total
-------------------------+-------+-------++-------
Melee: Mace              |   122 |     9 ||   131
       Tailslap          |    11 |       ||    11
       Punch             |     2 |       ||     2
  Use: Potion            |     2 |       ||     2
 Stab: Sleeping          |     6 |     3 ||     9
Armor: Skin              |    56 |     2 ||    58
Dodge: Dodged            |   122 |     3 ||   125
